 Dungeon Crawl Stone Soup version 0.30-a0-364-gf6b3ef1049 (webtiles) character file.

Game seed: 9498190143676051388

4565 ytrimaz the Cleaver (level 10, 0/70 HPs)
             Began as a Formicid Fighter on Nov 15, 2022.
             Was an Initiate of Okawaru.
             Slain by a troll (5 damage)
             ... on level 9 of the Dungeon.
             The game lasted 00:07:10 (7229 turns).

ytrimaz the Cleaver (Formicid Fighter)              Turns: 7229, Time: 00:07:10

Health: 0/70       AC:  8    Str: 26    XL:     10   Next: 67%
Magic:  0/10       EV: 10    Int:  7    God:    Okawaru [......]
Gold:   359        SH:  6    Dex: 13    Spells: 9/9 levels left

rFire   . . .      SeeInvis +    a - +0 war axe (drain)
rCold   . . .      Faith    .    c - +1 buckler
rNeg    . . .      Spirit   +    C - +0 swamp dragon scales
rPois   +          Reflect  .    (helmet unavailable)
rElec   .          Harm     .    (no cloak)
rCorr   +          Rampage  .    (no gloves)
Will    +....                    (no boots)
Stlth   +.........               y - amulet of guardian spirit
HPRegen 0.31/turn                p - ring of resist corrosion
MPRegen 0.12/turn                (no ring)

@: no status effects
A: permanent stasis, dig shafts and tunnels, antennae 3, four strong arms
a: Dig, Shaft Self, Renounce Religion


You were on level 9 of the Dungeon.
You worshipped Okawaru.
Okawaru was noncommittal.
You visited 2 branches of the dungeon, and saw 10 of its levels.

You collected 359 gold pieces.


Innate Abilities, Weirdness & Mutations

You cannot be hasted, slowed, berserked, paralysed or teleported.
You can dig through walls and to a lower floor.
You have a pair of large antennae on your head. (SInv)
Your four strong arms can wield two-handed weapons with a shield.


   Skills:
 - Level 3.2 Fighting
 + Level 14.8 Axes
 - Level 3.2 Armour
 - Level 4.0 Shields


You had 9 spell levels left.
You didn't know any spells.
Your spell library contained the following spells:

 Spells                   Type           Power      Damage    Failure   Level
 Apportation              Tloc           0%         N/A       63%         1
 Beastly Appendage        Tmut           0%         N/A       63%         1
 Magic Dart               Conj           0%         1d3       63%         1
 Necrotise                Necr           0%         1d4       63%         1
 Searing Ray              Conj           0%         2d4       77%         2
 Sublimation of Blood     Necr           0%         N/A       77%         2
 Wereblood                Tmut           0%         N/A       77%         2
 Spider Form              Tmut/Pois      0%         N/A       94%         3
 Fulminant Prism          Conj/Hex       0%         3d5       100%        4
 Summon Small Mammal      Summ           Unusable   N/A       N/A         1
 Call Canine Familiar     Summ           Unusable   N/A       N/A         3
 Summon Guardian Golem    Hex/Summ       Unusable   N/A       N/A         3
 Summon Hydra             Summ           Unusable   N/A       N/A         7

Inventory:

Hand Weapons
 a - a +0 war axe of draining (weapon)
 f - a +2 hand axe of flaming
   (You found it on level 1 of the Dungeon)
Missiles
 i - 5 datura-tipped darts (quivered)
 l - 11 poisoned darts
 m - a throwing net
 v - 7 boomerangs
Armour
 c - a +1 buckler (worn)
 k - a +0 plate armour
   (You found it on level 3 of the Dungeon)
 C - +0 swamp dragon scales (worn)
   (You took it off Maggie on level 7 of the Dungeon)
Jewellery
 n - a ring of ice
   (You found it on level 7 of the Dungeon)
 p - a ring of resist corrosion (left hand)
   (You found it on level 2 of the Dungeon)
 q - an amulet of the acrobat
   (You took it off an orc on level 5 of the Dungeon)
 x - a ring of protection from fire
   (You found it on level 8 of the Dungeon)
 y - an amulet of guardian spirit (around neck)
   (You found it on level 7 of the Dungeon)
 z - a +6 ring of intelligence
   (You found it on level 7 of the Dungeon)
Wands
 o - a wand of paralysis (16)
   (You found it on level 5 of the Dungeon)
 s - a wand of flame (24)
   (You found it on level 6 of the Dungeon)
 B - a wand of acid (3)
   (You found it on level 7 of the Dungeon)
 D - a wand of roots (5)
   (You found it on level 8 of the Dungeon)
Scrolls
 w - a scroll of enchant weapon
 A - a scroll of enchant armour
 E - 2 scrolls of identify
Potions
 b - 3 potions of attraction
 d - 4 potions of might
 e - 2 potions of resistance
 g - 4 potions of mutation
 h - a potion of lignification
 j - a potion of brilliance {unknown}
 r - a potion of berserk rage {unknown}
 t - 2 potions of flight {unknown}
 u - a potion of curing

Dungeon Overview and Level Annotations

Branches:
Dungeon (9/15) Zot: 26445  Temple (1/1) D:6 Zot: 5978    Lair (0/5) D:9
    Orc: D:9-12

Altars:
Ashenzari
Cheibriados
Elyvilon
Fedhas
Gozag
Hepliaklqana
Kikubaaqudgha
Nemelex Xobeh
Okawaru
Qazlal
Ru
Sif Muna
Trog
Vehumet
Wu Jian
Xom
Yredelemnul
Zin
The Shining One

Shops:
D:3 ( D:5

* # ... . #.#
####.##.##
........#
#..#...##
#.......#
#..#.T.###.##
#....@.......
....###.#######
# #.# #.# ##.#
##########..###
#.............#
#.####........#
#.####........#


You could see a troll.


Message History

Unknown command.
You hit the wraith. You barely miss the orc wizard. You slash the wraith!
You destroy the wraith!
Okawaru accepts your kill.
You hit the orc wizard but do no damage.
You block the orc wizard's attack.
The orc warrior unwields a +0 trident.
The orc warrior wields a +0 arbalest.
The orc warrior shoots a bolt.
You block the bolt.
Your life force feels restored.
You now have 70 max hp (+1).
The orc hits you but does no damage. You block the orc wizard's attack.
The orc warrior unwields a +0 arbalest.
The orc warrior wields a +0 trident.
The orc warrior hits you with a +0 trident. 😕 MP[-1]
You lost 1 mp, and now have 9/10 mp.
Unknown command.
You barely miss the orc wizard. You barely miss the orc.
You hit the orc warrior but do no damage.
The orc barely misses you. The orc wizard barely misses you.
You block the orc warrior's attack.
You slash the orc warrior! You closely miss the orc. You slash the orc wizard!
You kill the orc wizard!
Okawaru accepts your kill. The orc hits you but does no damage.
You hit the orc warrior. You slash the orc!
You kill the orc!
Okawaru accepts your kill.
The orc warrior hits you with a +0 trident! 😕 HP[-10] MP[-1]
You take 10 damage, and now have 59/70 hp.
You lost 1 mp, and now have 8/10 mp.
Unknown command.
You slash the orc warrior!
You block the orc warrior's attack. 😕 HP[+1]
You slash the orc warrior!
You kill the orc warrior!
Okawaru accepts your kill.
Unknown command.
No target in view!
Things that are here:
a +0 trident; a +0 arbalest; a +0 chain mail Key pressed, stopping explore.
Unknown command. 😕 HP[+3] MP[+1]
You regained 3 hp, and now have 63/70 hp.
Key pressed, stopping explore.
A troll comes into view.
The troll shouts! 😎 HP[+7] MP[+1]
Your hp is fully restored (70).
Your mp is fully restored (10).
A troll is nearby!
A troll is nearby!
The troll closely misses you. x2; The troll claws you!
You see here 2 stones. 😕 HP[-10] MP[-2]
You take 10 damage, and now have 60/70 hp.
You lost 2 mp, and now have 8/10 mp.
You hit the troll. The troll bites you but does no damage. The troll claws you!
You block the troll's attack. 😮 HP[-8] MP[-1]
You take 8 damage, and now have 52/70 hp.
You lost 1 mp, and now have 7/10 mp.
Unknown command.
You slash the troll! The troll bites you. The troll claws you.
The troll claws you! 😮 HP[-15] MP[-3]
You take 15 damage, and now have 37/70 hp.
MASSIVE DAMAGE!! (PAUSE)
You lost 3 mp, and now have 4/10 mp.
You are too injured to fight recklessly!
You hit the troll but do no damage.
Unknown command.
You are too injured to fight recklessly!
You completely miss the troll. The troll bites you but does no damage.
The troll claws you.
* * * LOW HITPOINT WARNING * * *
The troll claws you but does no damage. 😨 HP[-5] MP[-1]
You take 5 damage, and now have 32/70 hp.
You lost 1 mp, and now have 3/10 mp.
You barely miss the troll. You block the troll's attack. The troll claws you.
* * * LOW HITPOINT WARNING * * *
The troll misses you. 😨 HP[-2] MP[-1]
You take 2 damage, and now have 30/70 hp.
You lost 1 mp, and now have 2/10 mp.
Unknown command.
You barely miss the troll. The troll bites you!
* * * LOW HITPOINT WARNING * * *
The troll claws you.
* * * LOW HITPOINT WARNING * * *
The troll claws you.
* * * LOW HITPOINT WARNING * * *
😱 HP[-25] MP[-1]
You take 25 damage, and now have 5/70 hp.
MASSIVE DAMAGE!! (PAUSE)
You lost 1 mp, and now have 1/10 mp.
You barely miss the troll. You block the troll's attack. The troll claws you.
You die...

Skill      XL: |  1  2  3  4  5  6  7  8  9 10 |
---------------+-------------------------------+-----
Axes           | 3 4 5 6 8 10 13 14 | 14.8
Fighting       | |  3.2
Armour         | |  3.2
Shields        | |  4.0

Action                   |  1- 3 |  4- 6 |  7- 9 | 10-12 || total
-------------------------+-------+-------+-------+-------++-------
Melee: Hand axe          |    80 |    33 |       |       ||   113
       War axe           |     5 |    95 |   200 |   102 ||   402
 Abil: Dig               |       |     1 |       |       ||     1
  Use: Scroll            |     1 |     8 |     6 |     1 ||    16
       Potion            |       |       |     5 |       ||     5
Armor: Scale mail        |    43 |    39 |       |       ||    82
       Plate armour      |       |    64 |   119 |       ||   183
       Swamp dragon scal |       |       |     2 |    38 ||    40
Dodge: Dodged            |    47 |    66 |    75 |    33 ||   221
Block: Buckler           |    17 |    44 |    61 |    33 ||   155

Levels and vault maps discovered:
D:1:      noname_arrival_rooms_in_the_neighbourhood, layout_loops_ring,
          st_stairs_8
D:2:      layout_basic, shapermc_ecumenical_altar_acropolis,
          chequers_serial_rivers_room_a, chequers_big_river
D:3:      layout_basic, mainiacjoe_overflow_small_starburst, serial_shops, shop,
          minmay_diced_spiral
D:4:      layout_layer_cave, dk_rats_in_the_wall
D:5:      layout_basic, nicolae_shop_gadgets
D:6:      layout_cave_pools, good_gods_mini_temple,
          minmay_temple_entry_drinking_statues
D:7:      layout_loops_cross, nicolae_sif_muna_condensation, st_stairs_8,
          uniq_maggie
D:8:      layout_loops_cross, trog_three_pillars_becter,
          nemelex_spade_bored_becter, hex_tiny
D:9:      layout_loops_corners, nicolae_uskayaw_dance_studio,
          mainiacjoe_overflow_big_doors, lair_entry_dummy, lightli_orcish_oven
Temple:   hellmonk_temple_rainy

Notes
Turn   | Place    | Note
-------+----------+-------------------------------------------
     0 | D:1      | ytrimaz the Formicid Fighter began the quest for the Orb.
     0 | D:1      | Reached XP level 1. HP: 18/18 MP: 1/1
     0 | D:1      | magus.rc [v1.9.6]
   240 | D:1      | Reached XP level 2. HP: 24/24 MP: 2/2
   380 | D:1      | Reached skill level 3 in Axes
   474 | D:1      | You pick up a book of Blood and begin reading...
   474 | D:1      | You add the spells Sublimation of Blood, Wereblood and
                  | Summon Hydra to your library.
   719 | D:2      | Identified the +2 flail "Ratafeec" {drain, *Rage rElec rC+}
   777 | D:2      | Reached XP level 3. HP: 27/29 MP: 3/3
   915 | D:2      | You pick up a book of Changes and begin reading...
   915 | D:2      | You add the spells Beastly Appendage and Spider Form to
                  | your library.
  1065 | D:2      | Reached skill level 4 in Axes
  1065 | D:2      | Reached XP level 4. HP: 28/35 MP: 4/4
  1191 | D:2      | Found a faded altar of an unknown god.
  1588 | D:3      | Found Agrihocoo's Antique Weapon Boutique.
  1674 | D:3      | Reached XP level 5. HP: 36/41 MP: 5/5
  1713 | D:3      | You pick up a book of Conjurations and begin reading...
  1713 | D:3      | You add the spells Magic Dart, Searing Ray and Fulminant
                  | Prism to your library.
  1980 | D:3      | Found a snail-covered altar of Cheibriados.
  2161 | D:4      | Noticed a black bear
  2167 | D:4      | Reached skill level 5 in Axes
  2170 | D:4      | Killed a black bear
  2171 | D:4      | Reached XP level 6. HP: 25/47 MP: 6/6
  2183 | D:4      | Reached skill level 6 in Axes
  2819 | D:4      | You pick up a book of Cantrips and begin reading...
  2819 | D:4      | You add the spells Necrotise, Summon Small Mammal and
                  | Apportation to your library.
  2980 | D:4      | Reached XP level 7. HP: 50/51 MP: 7/7
  2986 | D:4      | Reached skill level 7 in Axes
  3108 | D:5      | Entered Level 5 of the Dungeon
  3162 | D:5      | Reached skill level 8 in Axes
  3229 | D:5      | Reached XP level 8. HP: 58/58 MP: 8/8
  3456 | D:5      | Reached skill level 9 in Axes
  3456 | D:5      | Found Xuzeg's Gadget Gallery.
  4017 | D:6      | Found a staircase to the Ecumenical Temple.
  4027 | Temple   | Entered the Ecumenical Temple
  4282 | D:6      | Reached skill level 10 in Axes
  4533 | D:6      | Found a glowing golden altar of the Shining One.
  4533 | D:6      | Found a glowing silver altar of Zin.
  4533 | D:6      | Found a white marble altar of Elyvilon.
  4562 | D:7      | Reached XP level 9. HP: 46/63 MP: 9/9
  4630 | D:7      | Found a shimmering blue altar of Sif Muna.
  4699 | D:7      | Reached skill level 11 in Axes
  5199 | D:7      | Reached skill level 12 in Axes
  5287 | D:7      | Noticed Maggie
  5304 | D:7      | HP: 8/64 [Maggie/bolt of fire (23)]
  5310 | D:7      | HP: 9/64 [Maggie/+0 morningstar (4)]
  5312 | D:7      | HP: 4/64 [Maggie/+0 morningstar (5)]
  5313 | D:7      | Killed Maggie
  5827 | D:8      | Reached skill level 13 in Axes
  5827 | D:8      | Reached XP level 10. HP: 57/70 MP: 7/10
  6017 | D:8      | Found a bloodstained altar of Trog.
  6055 | D:8      | Reached skill level 14 in Axes
  6485 | D:8      | Found a sparkling altar of Nemelex Xobeh.
  6526 | D:8      | You pick up a book of Callings and begin reading...
  6526 | D:8      | You add the spells Call Canine Familiar and Summon Guardian
                  | Golem to your library.
  6955 | D:9      | Found a staircase to the Lair.
  7027 | D:9      | Found a shimmering altar of Xom.
  7045 | D:9      | Found an iron altar of Okawaru.
  7124 | D:9      | Became a worshipper of Warmaster Okawaru
  7228 | D:9      | HP: 16/70 [troll (15)]
  7228 | D:9      | HP: 5/70 [troll (6)]
  7229 | D:9      | Slain by a troll

Vanquished Creatures
  Maggie (D:7)
  A troll (D:8)
  6 yaks (D:8)
  A wyvern (D:8)
  A wraith (D:9)
  A steam dragon (D:7)
  3 black bears
  2 orc warriors
  2 sky beasts (D:7)
  An ogre (D:5)
  3 centaurs
  A phantom (D:5)
  2 bullfrogs
  3 scorpions
  A necrophage (D:5)
  A gnoll sergeant (D:8)
  7 wights
  4 killer bees (D:9)
  3 howler monkeys
  3 hounds
  2 orc priests
  3 jellies
  3 iguanas
  2 orc wizards
  12 gnolls
  3 adders
  6 river rats (D:4)
  A white imp (D:7)
  A worm (D:2)
  A dart slug (D:3)
  22 orcs
  4 ball pythons
  An endoplasm (D:4)
  A giant cockroach (D:3)
  5 goblins
  7 hobgoblins
  4 jackals (D:4)
  4 quokkas
  13 bats
  3 frilled lizards
  7 kobolds
  18 rats
170 creatures vanquished.

Vanquished Creatures (others)
  2 fungi (D:2)
  9 plants (D:2)
11 creatures vanquished.

Grand Total: 181 creatures vanquished

Table legend:
 A = Non-vault XP
 B = Vault XP
 C = Vault XP percentage of total XP
 D = Non-vault monster count
 E = Vault monster count
 F = Vault count percentage of total count
                 A         B        C        D         E       F
            +---------+---------+-------+---------+---------+-------
      Total |    6015 |     507 |   7.8 |     138 |      32 |  18.8
            +---------+---------+-------+---------+---------+-------
        D:1 |      18 |       4 |  18.2 |      12 |       2 |  14.3
        D:2 |      95 |       0 |   0.0 |      21 |       0 |   0.0
        D:3 |      17 |      26 |  60.5 |       9 |       7 |  43.8
        D:4 |     332 |      95 |  22.2 |      23 |      21 |  47.7
        D:5 |     826 |       0 |   0.0 |      14 |       0 |   0.0
        D:6 |     330 |       0 |   0.0 |       9 |       0 |   0.0
        D:7 |    1236 |     382 |  23.6 |      18 |       2 |  10.0
        D:8 |    2136 |       0 |   0.0 |      19 |       0 |   0.0
        D:9 |    1025 |       0 |   0.0 |      13 |       0 |   0.0
            +---------+---------+-------+---------+---------+-------

Illustrated notes

Table legend:
 A = Kills in this place as a percentage of kills in entire the game.
 B = Kills by you in this place as a percentage of kills by you in the entire game.
 C = Kills by friends in this place as a percentage of kills by friends in the entire game.
 D = Other kills in this place as a percentage of other kills in the entire game.
 E = Experience gained in this place as a percentage of experience gained in the entire game.
 F = Experience gained in this place divided by the number of levels of this place that you have seen.
                   A       B       C       D       E      F
               +-------+-------+-------+-------+-------+----------------------
         Total | 100.0 | 100.0 |   N/A |   N/A | 100.0 | 652.2
       Dungeon | 100.0 | 100.0 |   N/A |   N/A | 100.0 | 724.7
               +-------+-------+-------+-------+-------+----------------------

Table legend: (Time is in decaauts)
 A = Elapsed time spent in this place.
 B = Non-inter-level travel time spent in this place.
 C = Inter-level travel time spent in this place.
 D = Time resting spent in this place.
 E = Time spent auto-exploring this place.
 F = Levels seen in this place.
 G = Mean time per level.
                   A        B        C        D        E       F      G
               +--------+--------+--------+--------+--------+-----+--------+
         Total |   7269 |   7036 |    233 |    526 |   5238 |  10 |  726.9 |
       Dungeon |   7247 |   7022 |    225 |    526 |   5232 |   9 |  805.2 |
        Temple |     21 |     13 |      8 |      0 |      6 |   1 |   21.0 |
               +--------+--------+--------+--------+--------+-----+--------+

Top non-repeatable levels by time:
     D:7: 1159 daAuts
     D:4: 964 daAuts
     D:8: 942 daAuts
     D:5: 914 daAuts
     D:2: 862 daAuts
     D:1: 673 daAuts
     D:3: 665 daAuts
     D:9: 553 daAuts
     D:6: 512 daAuts
  Temple: 21 daAuts
